Map: Acropolis LE

Players

elelbrujo

  • Race: Protoss Protoss
  • League: Platinum
  • Spawn Location: 5:00

pHARM - Winner!

  • Race: Zerg Zerg
  • League: Platinum
  • Spawn Location: 11:00

VOD

Have the link to the VOD?

Description

Time

  • Played on: Aug. 20, 2019, 10:22 p.m.
  • Length: 8:55
Show
View Real Time Build Order
Export as new Build Order

elelbrujo Protoss 

Build Orders: 1 Gate Expand, Oracle Opening, Phoenix Opening 

Get SALT Encoding   

  12  0:01  Probe  
  13  0:13  Probe  
  14  0:20  Pylon  
  14  0:25  Probe  
  15  0:38  Probe  
  16  0:42  Gateway  
  16  0:47  Probe  
  16  0:48  Assimilator  
  16  0:55  Probe  
  18  1:05  Probe  
  19  1:17  Probe  
  20  1:30  Probe  
  20  1:32  Nexus  
  21  1:40  Cybernetics Core  
  21  1:48  Assimilator  
  21  1:51  Pylon  
  21  1:53  Probe  
  22  2:01  Probe  
  23  2:18  Adept  
  23  2:21  Warp Gate  
  25  2:26  Stargate  
  25  2:31  Probe  
  25  2:37  Gateway  
  26  2:55  Probe x2  
  28  3:02  Phoenix  
  28  3:07  Probe x2  
  32  3:22  Probe  
  32  3:23  Twilight Council, Probe  
  32  3:26  Pylon  
  34  3:43  Oracle  
  37  3:51  Gateway x2  
  37  3:52  Gateway  
  37  3:53  Resonating Glaives  
  37  3:54  Gateway  
  37  3:57  Assimilator  
  37  4:26  Probe x2  
  39  4:44  Probe x2  
  41  4:46  Robotics Facility  
  38  5:07  Phoenix  
  40  5:24  Stalker x4  
  48  5:29  Charge  
  48  5:31  Pylon  
  48  5:35  Pylon, Probe x2  
  50  5:37  Forge  
  50  5:39  Forge, Phoenix  
  50  5:48  Pylon  
  52  6:07  Protoss Ground Weapons Level 1  
  52  6:08  Protoss Shields Level 1  
  52  6:15  Zealot x3  
  52  6:16  Zealot x3  
  64  6:39  Assimilator  
  64  6:46  Warp Prism  
  66  6:56  Zealot x3  
  66  6:57  Zealot x3  
  78  7:03  Pylon  
  78  7:06  Pylon  
  78  7:09  Photon Cannon  
  78  7:11  Photon Cannon  
  78  7:24  Photon Cannon  
  66  7:45  Zealot x3  
  66  7:46  Zealot x3  
  66  7:48  Immortal  
  82  8:10  Templar Archives  
  80  8:21  Stalker x2  
  80  8:22  Gateway, Stalker  
  80  8:23  Gateway  
  80  8:26  Gateway  
  74  8:40  Zealot x2  
  74  8:41  Zealot  
Show
View Real Time Build Order
Export as new Build Order

pHARM Zerg - Winner!

Build Orders: Hatch First 

Get SALT Encoding   

  12  0:01  Drone  
  13  0:13  Overlord  
  13  0:21  Drone  
  14  0:32  Drone x2  
  14  0:35  Drone  
  17  0:57  Hatchery  
  17  1:01  Drone x2  
  18  1:07  Drone  
  19  1:21  Spawning Pool  
  19  1:22  Drone  
  19  1:35  Drone  
  20  1:44  Drone  
  20  1:46  Extractor  
  20  1:53  Overlord  
  20  2:09  Drone x2  
  20  2:15  Queen x2  
  24  2:16  Drone  
  27  2:23  Drone x2  
  29  2:33  Drone  
  30  2:41  Drone  
  31  2:45  Drone x2  
  33  2:54  Lair  
  33  2:56  Overlord  
  33  3:00  Queen  
  33  3:03  Drone  
  36  3:06  Overlord  
  36  3:20  Drone  
  36  3:21  Evolution Chamber, Drone x2  
  38  3:31  Drone x7  
  45  3:43  Roach Warren  
  44  3:48  Zerg Missile Weapons Level 1, Evolution Chamber  
  44  3:51  Drone x4  
  47  3:55  Overseer  
  47  4:04  Extractor  
  47  4:05  Extractor  
  45  4:20  Drone x2  
  45  4:21  Drone  
  45  4:23  Roach x2  
  52  4:42  Overlord x3  
  52  4:43  Nydus Network  
  51  5:23  Roach x8  
  51  5:24  Glial Reconstitution  
  51  5:25  Hatchery  
  51  5:26  Overlord x5  
  66  5:35  Drone  
  67  5:43  Drone  
  67  5:46  Hydralisk Den  
  67  5:49  Zerg Missile Weapons Level 2  
  67  5:52  Drone x2  
  67  5:53  Drone x2  
  71  6:05  Zerg Ground Armor Level 1  
  71  6:23  Grooved Spines  
  71  6:27  Drone  
  71  6:28  Drone x8  
  80  6:55  Roach  
  80  6:56  Roach x9  
  100  7:03  Overlord x2  
  100  7:07  Extractor  
  99  7:08  Extractor  
  98  7:20  Infestation Pit  
  89  7:39  Roach x5  
  89  7:40  Roach x7  
  109  7:49  Hydralisk x2  
  113  7:54  Drone x7  
  120  7:59  Spine Crawler  
  120  8:00  Spine Crawler  
  120  8:02  Spore Crawler  
  120  8:03  Spine Crawler  
  120  8:04  Spine Crawler  
Tags
 
Add a new tag
Caveats
  • Supply blocks, unpowered buildings, or Contaminate may cause inaccurate times.
  • Supply counts are checked every 10 seconds.